 Dungeon Crawl Stone Soup version 0.30-a0-782-ge64f9170bb (webtiles) character file.

Game seed: 16600229743848363788

11611 jujucrawl the Nimble (level 11, -2/63 HPs)
             Began as a Deep Elf Conjurer on Mar 8, 2023.
             Was an Elder of Vehumet.
             Slain by a komodo dragon (14 damage)
             ... on level 1 of the Lair of Beasts on Mar 9, 2023.
             The game lasted 00:53:43 (11888 turns).

jujucrawl the Nimble (Deep Elf Conjurer)           Turns: 11888, Time: 00:53:44

Health: -2/63      AC: 15    Str:  8    XL:     11   Next: 51%
Magic:  21/26      EV: 17    Int: 24    God:    Vehumet [****..]
Gold:   585        SH:  4    Dex: 19    Spells: 7/29 levels left

rFire   . . .      SeeInvis .    N - staff of conjuration
rCold   . . .      Faith    .    e - +0 buckler
rNeg    . . .      Spirit   .    O - +0 troll leather armour
rPois   .          Reflect  .    a - +1 helmet
rElec   .          Harm     .    I - +1 cloak
rCorr   .          Rampage  .    f - +1 pair of gloves
Will    +....                    g - +0 pair of boots
Stlth   ++++                     (no amulet)
HPRegen 1.10/turn                k - +4 ring of protection
MPRegen 0.20/turn                M - +6 ring of dexterity

@: hasted, very quick
A: no striking features
a: Renounce Religion


You were on level 1 of the Lair of Beasts.
You worshipped Vehumet.
Vehumet was greatly pleased with you.
You visited 3 branches of the dungeon, and saw 13 of its levels.

You collected 585 gold pieces.

Inventory:

Hand Weapons
 d - a +2 dagger of flaming
 n - the +10 whip of the Hummingbird {heavy, MP+9 Str+2}
   (You found it on level 3 of the Dungeon)

   Str:       It affects your strength (+2).
   MP:        It affects your magic capacity (+9).
 G - the +8 great mace "Rozaczut" {pain, rF+++ rC- Will+ SInv}
   (You acquired it on level 11 of the Dungeon)

   rF:        It renders you almost immune to fire.
   rC:        It makes you vulnerable to cold.
   SInv:      It lets you see invisible.
   Will:      It increases your willpower.
Missiles
 B - 5 curare-tipped darts
 J - 5 silver javelins
Armour
 a - a +1 helmet (worn)
 e - a +0 buckler (worn)
 f - a +1 pair of gloves (worn)
 g - a +0 pair of boots (worn)
 x - a +2 leather armour of fire resistance
 C - +0 acid dragon scales
 I - a +1 cloak (worn)
 O - a +0 troll leather armour (worn)
Magical Staves
 N - a staff of conjuration (weapon)
Jewellery
 k - a +4 ring of protection (left hand)
 M - a +6 ring of dexterity (right hand)
Wands
 r - a wand of acid (4)
 t - a wand of flame (32)
 F - a wand of mindburst (5)
Scrolls
 h - 2 scrolls of amnesia
 q - 2 scrolls of torment
 s - 4 scrolls of fear
 u - 3 scrolls of teleportation
 v - 2 scrolls of immolation
 w - 3 scrolls of butterflies
 y - a scroll of vulnerability
 H - 5 scrolls of magic mapping
 K - 2 scrolls of poison
 L - a scroll of identify
Potions
 b - a potion of magic
 c - 6 potions of curing
 i - 3 potions of ambrosia
 j - 2 potions of cancellation
 l - 4 potions of heal wounds
 m - 4 potions of attraction
 o - 4 potions of mutation
 p - 6 potions of haste
 z - a potion of might
 A - 3 potions of lignification
 E - a potion of flight
Miscellaneous
 D - a box of beasts (inert)


   Skills:
 + Level 5.0 Fighting
 - Level 1.7 Short Blades
 - Level 0.3(0.5) Maces & Flails
 + Level 0.9(1.0) Staves
 + Level 0.7 Armour
 * Level 10.7 Dodging
 + Level 8.6 Stealth
 + Level 9.9 Spellcasting
 * Level 10.0 Conjurations
 - Level 7.4 Hexes
 + Level 1.0 Translocations
 + Level 1.2 Ice Magic
 + Level 0.7 Air Magic
 + Level 4.8 Evocations


You had 7 spell levels left.
You knew the following spells:

 Your Spells              Type           Power      Damage    Failure   Level
a - Magic Dart            Conj           100%       1d8       1%          1
b - Searing Ray           Conj           100%       2d8       1%          2
c - Dazzling Flash        Conj/Hex       100%       N/A       1%          3
d - Fulminant Prism       Conj/Hex       34%        3d16      1%          4
e - Hailstorm             Conj/Ice       56%        3d12      1%          3
f - Iskenderun's Mystic   Conj/Tloc      55%        2d12      3%          4
g - Lightning Bolt        Conj/Air       27%        1d43      9%          5

Your spell library contained the following spells:

 Spells                   Type           Power      Damage    Failure   Level
 Freeze                   Ice            72%        1d8       1%          1
 Frozen Ramparts          Ice            36%        1d6       5%          3


Dungeon Overview and Level Annotations

Branches:
Dungeon (11/15)            Temple (1/1) D:4            Lair (1/5) D:11
    Orc (0/2) D:9

Altars:
Ashenzari
Cheibriados
Dithmenos
Elyvilon
Fedhas
Gozag
Hepliaklqana
Kikubaaqudgha
Makhleb
Nemelex Xobeh
Okawaru
Qazlal
Ru
Sif Muna
Trog
Uskayaw
Vehumet
Wu Jian
Xom
Yredelemnul
Zin
The Shining One

Shops:
D:10 (

Annotations:
D:5 4 transporters


Message History

Confirm with . or Enter, or press ? or * to list all spells.
Aiming: Searing Ray (safe; 1% risk of failure)
Press: ? - help, Shift-Dir - straight line You feel a surge of power!
The searing ray hits the water moccasin.
The water moccasin is almost dead. (Press . to maintain the ray.)
You feel sick. You block the water moccasin's attack.
The searing ray misses the water moccasin.
You feel sick.
The water moccasin bites you but does no damage.
The searing ray hits the water moccasin!
You kill the water moccasin!
Vehumet accepts your kill.
You feel your power returning.
You feel sick.
You start resting.
You feel sick. x5
You are no longer poisoned.
You start resting.
HP restored.
There is a staircase to the Lair here.
Saving game... please wait.
Welcome back, jujucrawl the Deep Elf Conjurer.
Vehumet says: Let it end in hellfire!
Press ? for a list of commands and other information.
Okay, then.
Okay, then.
You climb downwards.
Welcome back to the Lair of Beasts!
The komodo dragon bites you!! The death yak completely misses you.
The death yak gores you. You block the komodo dragon's attack.
The death yak gores you!
The death yak gores you but does no damage.
The komodo dragon bites you!!
* * * LOW HITPOINT WARNING * * *
There is a staircase back to the Dungeon, spattered with blood here.
You see here a water moccasin corpse.
Okay, then.
Okay, then.
Okay, then.
You feel yourself speed up. The komodo dragon bites you!
You die...

..!........ ..
..........# ...
..#......##..
........#.+##
######...........
......†..........
.......Y.Y.......
........@l.......
...).....l.......
.................
.#.##.#..........
.. ....#....###+#
. ..?......#..
......#...P...
......#.......


You could see 2 death yaks and 2 komodo dragons.

Vanquished Creatures
  A boulder beetle (D:11)
  A two-headed ogre (D:9)
  Urug (D:10)
  Sonja (D:10)
  Amaemon (D:9)
  An orange demon (D:9)
  A komodo dragon (D:11)
  Maggie (D:6)
  A kobold demonologist (D:11)
  A troll (D:11)
  Grinder (D:4)
  2 shadows
  6 yaks (D:8)
  2 wyverns (D:9)
  A vampire (D:11)
  Eustachio (D:5)
  2 vampire mosquitoes (D:10)
  A warg (D:9)
  Menkaure (D:7)
  2 water moccasins
  2 acid dragons
  6 orc warriors
  2 sky beasts (D:7)
  A black bear (D:5)
  An ice beast (D:7)
  A centaur (D:8)
  A wolf (Lair:1)
  4 ogres
  A phantom (D:7)
  3 kobold brigands
  3 bullfrogs
  2 necrophages
  A gnoll sergeant (D:9)
  3 scorpions
  19 wights
  10 howler monkeys
  A gnoll bouda (D:7)
  2 hounds
  A jelly (D:6)
  6 orc priests
  An iguana (D:4)
  14 orc wizards
  10 gnolls
  9 adders
  A white imp (D:5)
  An ufetubus (D:6)
  2 worms (D:2)
  4 dart slugs
  42 orcs
  9 ball pythons
  3 bats
  8 endoplasms
  2 giant cockroaches
  10 hobgoblins
  17 kobolds
  3 quokkas (D:1)
  8 frilled lizards
  9 goblins
  2 rats (D:1)
254 creatures vanquished.

Vanquished Creatures (others)
  84 fulminant prisms
  7 plants
91 creatures vanquished.

Grand Total: 345 creatures vanquished

Notes
Turn   | Place    | Note
-------+----------+-------------------------------------------
     0 | D:1      | jujucrawl the Deep Elf Conjurer began the quest for the
                  | Orb.
     0 | D:1      | Reached XP level 1. HP: 10/10 MP: 6/6
   227 | D:1      | Reached XP level 2. HP: 5/15 MP: 4/8
   436 | D:1      | Learned a level 2 spell: Searing Ray
   786 | D:1      | Reached XP level 3. HP: 20/20 MP: 5/9
  1434 | D:2      | Reached skill level 1 in Short Blades
  1593 | D:2      | Reached skill level 1 in Fighting
  1593 | D:2      | Reached XP level 4. HP: 25/25 MP: 6/11
  2290 | D:3      | Reached XP level 5. HP: 29/29 MP: 12/12
  2303 | D:3      | Learned a level 3 spell: Dazzling Flash
  2308 | D:3      | Found a faded altar of an unknown god.
  2363 | D:3      | Found a hazy altar of Hepliaklqana.
  2399 | D:3      | Noticed an ogre
  2405 | D:3      | Killed an ogre
  2406 | D:3      | Reached skill level 5 in Conjurations
  2406 | D:3      | Reached skill level 1 in Hexes
  2494 | D:3      | Identified the +10 whip of the Hummingbird {heavy, MP+9
                  | Str+2}
  2658 | D:3      | Found a shimmering altar of Xom.
  3101 | D:3      | Found a glowing silver altar of Zin.
  3101 | D:3      | Noticed an angel
  3224 | D:5      | Entered Level 5 of the Dungeon
  3303 | D:4      | Found a glowing golden altar of the Shining One.
  3447 | D:4      | Noticed Grinder
  3456 | D:4      | Killed Grinder
  3457 | D:4      | Reached skill level 5 in Spellcasting
  3457 | D:4      | Reached skill level 1 in Evocations
  3457 | D:4      | Reached XP level 6. HP: 35/35 MP: 12/15
  3668 | D:4      | Found a staircase to the Ecumenical Temple.
  3739 | Temple   | Entered the Ecumenical Temple
  3745 | Temple   | Became a worshipper of Vehumet
  4064 | D:5      | Reached XP level 7. HP: 39/39 MP: 17/17
  4115 | D:5      | Learned a level 4 spell: Fulminant Prism
  4142 | D:5      | Found a transporter.
  4143 | D:5      | Found a transporter.
  4203 | D:5      | Identified the ring "Winkom" {AC+4 Int+2}
  4327 | D:5      | Noticed Eustachio
  4337 | D:5      | Killed Eustachio
  4338 | D:5      | Reached skill level 5 in Dodging
  4523 | D:5      | Found a sparkling altar of Nemelex Xobeh.
  4902 | D:5      | Reached XP level 8. HP: 43/45 MP: 19/19
  4937 | D:5      | Found a broken altar of Ashenzari.
  4941 | D:5      | Found a transporter.
  4953 | D:5      | Found a transporter.
  5095 | D:6      | Found a basalt altar of Yredelemnul.
  5273 | D:6      | Found an ornate altar of the Wu Jian Council.
  5323 | D:6      | Reached skill level 5 in Stealth
  5445 | D:6      | Found an iron altar of Okawaru.
  5658 | D:6      | Reached * piety under Vehumet
  5658 | D:6      | Offered knowledge of Freeze by Vehumet.
  5659 | D:6      | Noticed Maggie
  5669 | D:6      | Killed Maggie
  6079 | D:6      | Reached XP level 9. HP: 45/50 MP: 22/22
  6546 | D:7      | Reached skill level 5 in Hexes
  6805 | D:7      | Noticed Menkaure
  6814 | D:7      | Killed Menkaure
  7711 | D:8      | Reached ** piety under Vehumet
  7711 | D:8      | Offered knowledge of Poisonous Vapours by Vehumet.
  8102 | D:8      | Reached XP level 10. HP: 56/56 MP: 24/24
  8273 | D:9      | Noticed an orange demon
  8274 | D:9      | Noticed Amaemon
  8277 | D:9      | Offered knowledge of Scorch by Vehumet.
  8596 | D:9      | Killed Amaemon
  8596 | D:9      | Reached *** piety under Vehumet
  8608 | D:9      | Killed an orange demon
  8610 | D:9      | Noticed a two-headed ogre
  8621 | D:9      | Killed a two-headed ogre
  8791 | D:9      | Reached skill level 10 in Dodging
  9050 | D:9      | Offered knowledge of Hailstorm by Vehumet.
  9051 | D:9      | Reached XP level 11. HP: 62/62 MP: 26/26
  9055 | D:9      | Learned a level 3 spell: Hailstorm
  9234 | D:9      | Found a staircase to the Orcish Mines.
  9654 | D:10     | Entered Level 10 of the Dungeon
  9655 | D:10     | Noticed Sonja
  9779 | D:10     | Killed Sonja
  9942 | D:10     | Learned a level 4 spell: Iskenderun's Mystic Blast
 10104 | D:10     | Noticed Urug
 10114 | D:10     | Killed Urug
 10329 | D:10     | Identified the +1 robe of Voptina {Contam rPois Will++
                  | Str+3}
 10718 | D:10     | Found Pagihucw's Hydra Hut.
 10720 | D:10     | Noticed a seven-headed hydra
 10893 | D:11     | Identified a scroll of acquirement
 10893 | D:11     | Acquired the +8 great mace "Rozaczut" {pain, rF+++ rC-
                  | Will+ SInv}
 11046 | D:11     | Reached **** piety under Vehumet
 11054 | D:11     | Noticed a boulder beetle
 11222 | D:11     | Killed a boulder beetle
 11222 | D:11     | Offered knowledge of Lightning Bolt by Vehumet.
 11229 | D:11     | Learned a level 5 spell: Lightning Bolt
 11267 | D:11     | Reached skill level 5 in Fighting
 11309 | D:11     | Reached skill level 1 in Ice Magic
 11482 | D:11     | Found a staircase to the Lair.
 11836 | Lair:1   | Entered Level 1 of the Lair of Beasts
 11847 | Lair:1   | Reached skill level 10 in Conjurations
 11847 | Lair:1   | Reached skill level 1 in Translocations
 11861 | Lair:1   | Noticed a death yak
 11887 | Lair:1   | Noticed a death yak
 11888 | Lair:1   | Slain by a komodo dragon

Illustrated notes

Levels and vault maps discovered:
D:1:      dpeg_arrival_yet_another_circle, layout_loops_ring,
          due_unseen_surprise
D:2:      layout_rooms
D:3:      layout_loops_ring, zin_angel, nzn_hepliaklqana_mist_gate,
          xom_butterflies, shapermc_ecumenical_altar_flowoftime,
          guppyfry_early_orc_mine
D:4:      layout_cave_pools, marbit_many_paths, temple_pool_b,
          wad_floor_pattern_2, uniq_grinder
D:5:      layout_loops_ring, gammafunk_temple_overflow_arena,
          nemelex_spade_bored_becter, gammafunk_ghost_gnarly_gnolls,
          minmay_small_thing, uniq_eustachio
D:6:      layout_loops_corners, mainiacjoe_overflow_brackets,
          nicolae_overflow_crystal_walls, mainiacjoe_overflow_alcove_4,
          minmay_misc_feat_secret_circle, uniq_maggie
D:7:      layout_gridville, uniq_menkaure, uniq_crazy_yiuf_cottage
D:8:      layout_loops_ring
D:9:      layout_cross, david_orc_3, uniq_amaemon
D:10:     layout_cave_pods, chequers_garden, doesnt_shop_hydraphobe, uniq_sonja,
          uniq_urug
D:11:     layout_roguey, lair_entry_dummy
Temple:   dshaligram_water_room_temple
Lair:1:   minmay_guarded_unrand_snakebite, layout_regular_city

Skill      XL: |  1  2  3  4  5  6  7  8  9 10 11 |
---------------+----------------------------------+-----
Dodging        | 3 4 5 6 8 10 | 10.7
Stealth        | 3 4 5 6 8 |  8.6
Short Blades   | 1 |  1.7
Fighting       | 1 2 3 4 5 |  5.0
Spellcasting   | 5 6 7 8 9 |  9.9
Conjurations   | 5 6 7 9 10 | 10.0
Hexes          | 1 2 3 4 5 7 |  7.4
Evocations     | 1 2 3 4 |  4.8
Ice Magic      | 1 |  1.2
Translocations | 1 |  1.0
Maces & Flails | |  0.3
Staves         | |  0.9
Armour         | |  0.7
Air Magic      | |  0.7

Action                     |  1- 3 |  4- 6 |  7- 9 | 10-12 || total
---------------------------+-------+-------+-------+-------++-------
  Melee: Dagger            |    15 |    13 |       |       ||    28
         Whip              |       |     3 |    49 |    14 ||    66
         Staff             |       |       |       |    17 ||    17
   Cast: Magic Dart        |    61 |    62 |    60 |    22 ||   205
         Searing Ray       |     7 |    11 |    34 |    27 ||    79
         Fulminant Prism   |       |       |    20 |    65 ||    85
         Dazzling Flash    |       |       |     2 |     3 ||     5
         Iskenderun's Myst |       |       |       |     3 ||     3
         Hailstorm         |       |       |       |     2 ||     2
  Evoke: Wand              |       |       |     1 |    13 ||    14
         Box of beasts     |       |       |       |     1 ||     1
    Use: Scroll            |     1 |    10 |     8 |     8 ||    27
         Potion            |       |       |       |     3 ||     3
   Stab: Sleeping          |       |     2 |     2 |     1 ||     5
 Armour: Robe              |     6 |    11 |     2 |       ||    19
         Leather armour    |       |       |    42 |    22 ||    64
         Troll leather arm |       |       |       |    10 ||    10
  Dodge: Dodged            |    16 |    10 |    75 |    88 ||   189
  Block: Buckler           |     1 |     2 |    12 |    16 ||    31

Table legend: (Time is in decaauts)
 A = Elapsed time spent in this place.
 B = Non-inter-level travel time spent in this place.
 C = Inter-level travel time spent in this place.
 D = Time resting spent in this place.
 E = Time spent auto-exploring this place.
 F = Levels seen in this place.
 G = Mean time per level.
                   A        B        C        D        E       F      G
               +--------+--------+--------+--------+--------+-----+--------+
         Total |  11955 |  11543 |    412 |   2399 |   6008 |  13 |  919.6 |
       Dungeon |  11837 |  11446 |    391 |   2399 |   5949 |  11 | 1076.1 |
        Temple |     97 |     77 |     20 |      0 |     59 |   1 |   97.0 |
          Lair |     20 |     20 |      0 |      0 |      0 |   1 |   20.0 |
               +--------+--------+--------+--------+--------+-----+--------+

Top non-repeatable levels by time:
     D:8: 1307 daAuts
     D:9: 1267 daAuts
     D:1: 1249 daAuts
     D:5: 1106 daAuts
    D:10: 1104 daAuts
     D:7: 1096 daAuts
     D:3: 1092 daAuts
     D:6: 1083 daAuts
    D:11: 1009 daAuts
     D:2: 858 daAuts
     D:4: 662 daAuts
  Temple: 97 daAuts
  Lair:1: 20 daAuts
